 Dungeon Crawl Stone Soup version 0.32-a0-918-g0f22ef8d61 (webtiles) character file.

Game seed: 1606794412011902460

82 Hubris850 the Charlatan (level 4, -6/33 HPs)
             Began as a Coglin Artificer on Apr 11, 2024.
             Killed by divine providence
             ... invoked by an orc priest
              (14 damage)
             ... on level 3 of the Dungeon.
             The game lasted 00:04:35 (1955 turns).

Hubris850 the Charlatan (Coglin Artificer)          Turns: 1955, Time: 00:04:36

Health: -6/33      AC:  6    Str: 12    XL:     4   Next: 43%
Magic:  4/4        EV:  9    Int: 13    God:
Gold:   109        SH:  0    Dex: 14    Spells: 3/3 levels left

rFire   . . .        k - +0 hand axe {Uttamveer}
rCold   . . .        y - +2 short sword (venom) {Mettia}
rNeg    . . .        h - +0 ring mail
rPois   .            (no helmet)
rElec   .            (no cloak)
rCorr   .            (no gloves)
SInv    .            w - +0 pair of boots
Will    .....        (amulet unavailable)
Stlth   +            (ring unavailable)
HPRegen 0.25/turn    (ring unavailable)
MPRegen 0.09/turn    (no gizmo)

%: no passive effects
@: revved
A: off-hand wielding, slow wielding, warmup strikes, no jewellery
a: Invent Gizmo, Convert to Beogh


You were on level 3 of the Dungeon.
You visited 1 branch of the dungeon, and saw 3 of its levels.

You collected 109 gold pieces.

Inventory:

Hand Weapons
 a - a +0 club {Francisca}
 f - a +0 dagger {Tawil}
 g - a +0 whip {Ishleen}
 j - a +0 sling
 k - a +0 hand axe (weapon) {Uttamveer}
 p - a +0 sling
 y - a +2 short sword of venom (offhand) {Mettia}
Armour
 b - a +0 leather armour
 h - a +0 ring mail (worn)
 w - a +0 pair of boots (worn)
Wands
 c - a wand of flame (15) (quivered)
 d - a wand of charming (15)
 e - a wand of iceblast (5)
 x - a wand of roots (11)
Scrolls
 i - a scroll of poison {unknown}
 l - 2 scrolls of enchant weapon {unknown}
 m - a scroll of brand weapon {unknown}
 n - a scroll of revelation {unknown}
 s - 3 scrolls of identify {unknown}
 t - a scroll of fog {unknown}
 z - a scroll of noise {unknown}
Potions
 o - a potion of heal wounds {unknown}
 q - a potion of curing {unknown}
 r - 2 potions of attraction {unknown}
 u - a potion of enlightenment {unknown}
 v - a potion of lignification {unknown}


   Skills:
 + Level 2.1 Fighting
 + Level 2.5 Armour
 + Level 1.9 Dodging
 + Level 1.8 Stealth
 - Level 4.0 Evocations


You had 3 spell levels left.
You didn't know any spells.
Your spell library contained the following spells:

 Spells                   Type           Power      Damage    Failure   Level
 Ensorcelled Hibernation  Hex/Ice        0%         N/A       71%         2
 Fugue of the Fallen      Necr           0%         N/A       90%         3
 Anguish                  Hex/Necr       0%         N/A       100%        4


Dungeon Overview and Level Annotations

Branches:
Dungeon (3/15)

Altars:
Ashenzari


Innate Abilities, Weirdness & Mutations

You can wield a second weapon in your off-hand.
It takes a long time for you to wield or remove held weapons.
Your first few attacks do less damage.
You cannot equip rings or amulets.


Message History

You hit the orc with your +0 hand axe.
The orc is moderately wounded.
You closely miss the orc with your +2 short sword of venom.
The orc hits you but does no damage.
You completely miss the orc with your +2 short sword of venom.
The orc is moderately wounded.
You hit the orc but do no damage.
You hit the orc priest with your +0 hand axe.
The orc barely misses you.
The orc priest calls upon Beogh to heal the orc.
The orc's wounds heal themselves!
You hit the orc priest with your +2 short sword of venom.
The orc priest is poisoned.
The orc priest is moderately wounded.
You hit the orc priest with your +0 hand axe.
You hit the orc but do no damage. The orc hits you but does no damage.
The orc priest mumbles some strange prayers to Beogh against you.
Pain shoots through your body!
An orc priest comes into view. It is wielding a +0 short sword.
The orc priest shouts, "The Pantheon deserves no one's loyalty.
Let us show you the true path!" (press Y on the ability menu to convert to Beogh)
You barely miss the orc priest with your +0 hand axe.
The orc priest is severely wounded.
You hit the orc with your +0 hand axe.
You hit the orc priest with your +2 short sword of venom.
The orc hits you but does no damage.
The orc priest calls upon Beogh to heal the orc.
The orc's wounds heal themselves!
You hit the orc priest with your +0 hand axe.
You kill the orc priest!
You hit the orc but do no damage.
An orc priest comes into view. It is wielding a +0 flail.
The orc barely misses you.
The orc priest mumbles some strange prayers to Beogh against you.
Beogh smites you!
* * * LOW HITPOINT WARNING * * *
The orc hits you but does no damage.
The orc priest calls down the wrath of Beogh upon you.
Beogh smites you!
You die...

# ....>....##.###...######... #
########...................
##############..#######....###...
...............................##
##########..####..######...######
## ##.## ##...# ##....# # .##
##..# ###.###...#.### # ..##
#..## #####..#...##...### #..#
#.## #o@.......#####.... ##.##
#.# #oo####.##.# ##..## #..# #.#
#.# #.##.# ##...## ##.## #.# #o
#....###..#.## #..# #.# #
##...##..##... ##.###.#
#..#..#.#...## #.##..# #
#.###.....#.#. ##....## ##.
##.##........#. ###...### #..
#..##.#####..#.


You could see 2 orc priests and 2 orcs.

Vanquished Creatures
  An orc priest (D:3)
  A hound (D:3)
  A dart slug (D:2)
  An orc (D:3)
  2 ball pythons (D:1)
  5 bats
  4 endoplasms
  4 giant cockroaches
  5 hobgoblins
  3 jackals (D:3)
  4 kobolds (D:1)
  3 quokkas
  2 frilled lizards
  6 goblins
  4 rats (D:1)
46 creatures vanquished.

Notes
Turn   | Place    | Note
-------+----------+-------------------------------------------
     0 | D:1      | Hubris850 the Coglin Artificer began the quest for the Orb.
     0 | D:1      | Reached XP level 1. HP: 15/15 MP: 1/1
    30 | D:1      | Reached skill level 1 in Dodging
    54 | D:1      | Reached skill level 1 in Stealth
    78 | D:1      | Reached XP level 2. HP: 21/21 MP: 2/2
   505 | D:1      | Reached XP level 3. HP: 26/26 MP: 3/3
  1638 | D:3      | Reached XP level 4. HP: 33/33 MP: 4/4
  1652 | D:3      | Found a broken altar of Ashenzari.
  1955 | D:3      | Killed from afar by an orc priest

Illustrated notes

Levels and vault maps discovered:
D:1:      nzn_arrival_water_spiral, layout_basic, feat_on_display
D:2:      layout_basic
D:3:      layout_rooms, lemuel_tele_altar, minivault_4, uniq_grinder

Skill      XL: |  1  2  3 |
---------------+----------+-----
Dodging        | 1 |  1.9
Stealth        | 1 |  1.8
Armour         | 2 |  2.5
Fighting       | 2 |  2.1
Evocations     | |  4.0

Action                     |  1- 3 |  4- 6 || total
---------------------------+-------+-------++-------
  Melee: Dagger            |    78 |       ||    78
         Club              |     7 |       ||     7
         Whip              |    11 |       ||    11
         Hand axe          |    73 |    18 ||    91
         Short sword       |     4 |    14 ||    18
   Stab: Sleeping          |     3 |       ||     3
 Armour: Ring mail         |    54 |    17 ||    71
         Leather armour    |     1 |       ||     1
  Dodge: Dodged            |    53 |    15 ||    68

Table legend: (Time is in decaauts)
 A = Elapsed time spent in this place.
 B = Non-inter-level travel time spent in this place.
 C = Inter-level travel time spent in this place.
 D = Time resting spent in this place.
 E = Time spent auto-exploring this place.
 F = Levels seen in this place.
 G = Mean time per level.
                   A        B        C        D        E       F      G
               +--------+--------+--------+--------+--------+-----+--------+
         Total |   1975 |   1945 |     30 |     61 |   1476 |   3 |  658.3 |
       Dungeon |   1975 |   1945 |     30 |     61 |   1476 |   3 |  658.3 |
               +--------+--------+--------+--------+--------+-----+--------+

Top non-repeatable levels by time:
     D:1: 752 daAuts
     D:2: 737 daAuts
     D:3: 485 daAuts
